 Dungeon Crawl Stone Soup version 0.24-a0-536-gdd4cf15266 (webtiles) character file.

Game seed: 10484334036496232270

191 Gargoyl the Skirmisher (level 5, -1/46 HPs)
             Began as a Centaur Abyssal Knight on Aug 11, 2019.
             Was a Believer of Lugonu.
             Slain by Pikel
             ... wielding a +2 whip of electrocution
              (12 damage)
             ... on level 4 of the Dungeon.
             The game lasted 00:06:25 (3030 turns).

Gargoyl the Skirmisher (Centaur Abyssal Knight)     Turns: 3030, Time: 00:06:26

Health: -1/46      AC:  9    Str: 14    XL:     5   Next: 41%
Magic:  16/16      EV:  4    Int: 11    God:    Lugonu [**....]
Gold:   115        SH:  0    Dex: 10    Spells: 4/4 levels left

rFire    . . .     SeeInvis .   a - +1 hand axe
rCold    . . .     Gourm    .   (no shield)
rNeg     . . .     Faith    .   d - +0 chain mail
rPois    .         Spirit   .   n - +0 helmet
rElec    .         Reflect  .   (no cloak)
rCorr    .         Harm     .   (no gloves)
MR       +....                  (no barding)
Stlth    ..........             (no amulet)
HPRegen  0.15/turn              h - ring of protection from magic
MPRegen  0.15/turn              j - ring of magical power

@: very quick
A: large, hooves 3, deformed body, speed 2, tough skin 3
a: Depart the Abyss, Bend Space, Renounce Religion


You were on level 4 of the Dungeon.
You worshipped Lugonu.
Lugonu was pleased with you.
You were not hungry.

You visited 1 branch of the dungeon, and saw 4 of its levels.
You visited the Abyss 1 time.

You collected 115 gold pieces.

Inventory:

Hand Weapons
 a - a +1 hand axe (weapon)
Armour
 d - a +0 chain mail (worn)
 n - a +0 helmet (worn)
Jewellery
 h - a ring of protection from magic (left hand)
 j - a ring of magical power (right hand)
Wands
 q - a wand of random effects (15)
Scrolls
 e - 5 scrolls of identify
 f - 3 scrolls of remove curse
 g - 4 scrolls of teleportation
Potions
 b - a potion of heal wounds
 i - a potion of agility
 k - a potion of curing
 l - a potion of magic
 o - 2 potions of haste
 p - a potion of flight
Comestibles
 c - 11 rations


   Skills:
 + Level 3.8 Fighting
 + Level 3.0 Axes
 * Level 2.4 Armour
 * Level 1.5 Dodging
 * Level 2.8 Invocations


You had 4 spell levels left.
You didn't know any spells.
Your spell library was empty.

Dungeon Overview and Level Annotations

Branches:
Dungeon (4/15)
 Temple: D:4-7

Altars:
The Shining One

Annotations:
D:4 Pikel


Innate Abilities, Weirdness & Mutations

You have hooves in place of feet.
Armour fits poorly on your strangely shaped body.
You cover ground very quickly.
You have extremely tough skin. (AC +3)


Message History

Pikel hits you with a +2 whip of electrocution.
You hit Pikel. You kick Pikel.
Pikel is moderately wounded.
Pikel hits you with a +2 whip of electrocution.
You are electrocuted!
You closely miss Pikel. You kick Pikel!
Pikel is moderately wounded.
Pikel barely misses you.
Your chain mail prevents you from hitting Pikel.
Pikel is moderately wounded.
You feel less invigorated.
You feel less confused.
Pikel hits you with a +2 whip of electrocution.
You are electrocuted!
* * * LOW HITPOINT WARNING * * *
Pikel hits you but does no damage.
You barely miss Pikel. You kick Pikel, but do no damage.
Pikel is moderately wounded.
Pikel hits you but does no damage.
You are electrocuted!
You die...

####.....#.##...#.# #
................#.#.#
.#.#..#..#........#.##
..[........#...#.....
..........(#........#
..#........#..##.####
..#...#.....pKppp#
..#...#......###K#
..#..........# #@#
........#.#†## #.#
#######.#.#... ...
#.....#######
#######.#.#.#
#..<..>...#.#
#.#####...#.# ....#
... ....#


You could see Pikel and 2 slaves.

Vanquished Creatures
  An orc wizard (D:3)
  An iguana (D:4)
  A howler monkey zombie (D:4)
  2 adders (D:2)
  5 worms
  2 dart slugs
  3 leopard geckos
  3 orcs
  3 giant cockroaches
  4 goblins
  7 hobgoblins
  4 jackals (D:1)
  8 kobolds
  A quokka (D:3)
  A ball python (D:3)
  8 bats
  9 frilled lizards
  A jackal skeleton (D:2)
  A quokka skeleton (D:4)
  7 rats
72 creatures vanquished.

Vanquished Creatures (others)
  An iguana (D:4)
1 creature vanquished.

Grand Total: 73 creatures vanquished

Notes
Turn   | Place    | Note
-------+----------+-------------------------------------------
     0 | Abyss:1  | Gargoyl the Centaur Abyssal Knight began the quest for the
                  | Orb.
     0 | Abyss:1  | Reached XP level 1. HP: 19/19 MP: 2/2
     6 | Abyss:1  | Found a corrupted altar of Lugonu.
    47 | Abyss:2  | Noticed a small abomination
    58 | Abyss:2  | Noticed a thrashing horror
    62 | D:1      | Escaped the Abyss
   151 | D:1      | Reached * piety under Lugonu
   320 | D:1      | Reached XP level 2. HP: 26/26 MP: 3/3
   836 | D:2      | Reached skill level 1 in Dodging
   836 | D:2      | Reached XP level 3. HP: 14/31 MP: 4/4
  1515 | D:2      | Reached ** piety under Lugonu
  1539 | D:2      | Reached XP level 4. HP: 35/38 MP: 5/5
  2241 | D:3      | Found a glowing golden altar of the Shining One.
  2708 | D:4      | Noticed a slave
  2714 | D:4      | Noticed a slave
  2765 | D:3      | Reached XP level 5. HP: 20/46 MP: 7/7
  3002 | D:4      | Noticed a slave
  3003 | D:4      | Noticed Pikel
  3007 | D:4      | Noticed a slave
  3030 | D:4      | Slain by Pikel

Levels and vault maps discovered:
D:1:      wander_arrival_peaceful_grave, layout_basic
D:2:      layout_basic
D:3:      layout_basic, tso_oasis_becter, first_ration
D:4:      layout_basic, nicolae_overflow_hidden_temple,
          gammafunk_temple_overflow_statue, cheibrodos_sewer_entry_bend,
          uniq_pikel

Skill      XL: |  1  2  3  4  5 |
---------------+----------------+-----
Axes           | 2 3 |  3.0
Dodging        | 1 |  1.5
Armour         | 2 |  2.4
Fighting       | |  3.8
Invocations    | |  2.8

Action                   |  1- 3 |  4- 6 || total
-------------------------+-------+-------++-------
Melee: Hand axe          |   120 |   135 ||   255
       Kick              |    19 |    25 ||    44
Invok: Depart the Abyss  |     1 |       ||     1
  Use: Scroll            |     8 |     7 ||    15
       Potion            |     1 |     4 ||     5
  Eat: Chunk             |     1 |     4 ||     5
Armor: Chain mail        |    88 |    99 ||   187
Dodge: Dodged            |    35 |    28 ||    63

Table legend:
 A = Non-vault XP
 B = Vault XP
 C = Vault XP percentage of total XP
 D = Non-vault monster count
 E = Vault monster count
 F = Vault count percentage of total count
                 A         B        C        D         E       F
            +---------+---------+-------+---------+---------+-------
      Total |     273 |       0 |   0.0 |      73 |       0 |   0.0
            +---------+---------+-------+---------+---------+-------
        D:1 |      30 |       0 |   0.0 |      19 |       0 |   0.0
        D:2 |      71 |       0 |   0.0 |      25 |       0 |   0.0
        D:3 |      85 |       0 |   0.0 |      22 |       0 |   0.0
        D:4 |      87 |       0 |   0.0 |       7 |       0 |   0.0
            +---------+---------+-------+---------+---------+-------
